 Dungeon Crawl Stone Soup version 0.19.4-8-ga85b6b9 (webtiles) character file.

47 doot the Poker (level 3, -26/27 HPs)
             Began as a Merfolk Gladiator on Feb 9, 2017.
             Annihilated by a shadow (29 damage)
             ... created by the darkness of Dithmenos
             ... on level 2 of the Dungeon.
             The game lasted 00:03:38 (1013 turns).

doot the Poker (Merfolk Gladiator)                  Turns: 1013, Time: 00:03:38

Health: -26/27     AC:  7    Str: 16    XL:     3   Next: 70%
Magic:  3/3        EV: 13    Int:  7    God:
Gold:   39         SH:  0    Dex: 14    Spells: 0 memorised, 2 levels left

rFire  . . .     SeeInvis .     a - +0 trident
rCold  . . .     Gourm    .     b - +0 leather armour
rNeg   . . .     Faith    .     (no shield)
rPois  .         Spirit   .     c - +0 helmet
rElec  .         Reflect  .     (no cloak)
rCorr  .         Harm     .     e - +2 pair of gloves
MR     .....                    (no boots)
Stlth  +.........               (no amulet)
                                (no ring)
                                (no ring)

@: no status effects
A: change form in water, swift swim, stealthy swim
a: no special abilities


You were on level 2 of the Dungeon.
You were not hungry.

You visited 1 branch of the dungeon, and saw 2 of its levels.

You collected 39 gold pieces.

Inventory:

Hand Weapons
 a - a +0 trident (weapon)
Missiles
 d - 3 throwing nets (quivered)
Armour
 b - a +0 leather armour (worn)
 c - a +0 helmet (worn)
 e - a +2 pair of gloves (worn)
Jewellery
 i - an uncursed ring of fire
Scrolls
 g - a scroll of remove curse {unknown}
 h - a scroll of recharging {unknown}
 j - 2 scrolls of identify {unknown}
 l - a scroll of magic mapping {unknown}
 m - a scroll of fog {unknown}
Potions
 k - a potion of heal wounds {unknown}
Comestibles
 f - 2 bread rations


   Skills:
 - Level 2.1 Fighting
 + Level 6.6 Polearms
 - Level 2.0 Throwing
 - Level 4.0 Dodging


You had 2 spell levels left.
You didn't know any spells.

Dungeon Overview and Level Annotations

Branches:
Dungeon (2/15)

Altars:
Dithmenos
Makhleb


Message History

You see here a rat corpse.
The shadow demon gestures.
The shadow slips into darkness.
The shadow flickers and vanishes!
Deactivating autopickup; reactivate with Ctrl-A.
The shadow demon gestures.
The shadow demon gestures.
The shadow strikes at you from the darkness!
Ouch! That really hurt!
* * * LOW HITPOINT WARNING * * *
Reactivating autopickup.
Unknown command.
The shadow slips into darkness.
The shadow flickers and vanishes!
Deactivating autopickup; reactivate with Ctrl-A.
The shadow slips into darkness.
The shadow flickers and vanishes!
The shadow strikes at you from the darkness!
Ouch! That really hurt!
You die...

#...# ###...................
#...# #......#............
#...# #.....2#............
#...# #......#............
#...# #......#............
#########......3....########
..........[.......#
..................#
.........@........#
........###.......#
######### #.......#
#.......# #.......#
#########


You could see a sun demon and a shadow demon.

Vanquished Creatures
  2 adders (D:2)
  2 worms (D:2)
  3 giant cockroaches (D:1)
  2 hobgoblins (D:1)
  3 kobolds (D:1)
  2 ball pythons (D:1)
  6 goblins
  3 rats
23 creatures vanquished.

Notes
Turn   | Place    | Note
-------+----------+-------------------------------------------
     0 | D:1      | doot the Merfolk Gladiator began the quest for the Orb.
     0 | D:1      | Reached XP level 1. HP: 16/16 MP: 1/1
   187 | D:1      | Reached skill level 5 in Polearms
   288 | D:1      | Reached XP level 2. HP: 22/22 MP: 2/2
   876 | D:2      | Reached skill level 6 in Polearms
   876 | D:2      | Reached XP level 3. HP: 27/27 MP: 3/3
   905 | D:2      | Found a faded altar of an unknown god.
   916 | D:2      | Became a worshipper of Dithmenos the Shadowed
   916 | D:2      | Reached * piety under Dithmenos
   917 | D:2      | Fell from the grace of Dithmenos
   976 | D:2      | Found a burning altar of Makhleb.
   976 | D:2      | Noticed a balrug
   989 | D:2      | Noticed a shadow
   989 | D:2      | Noticed a shadow demon
   989 | D:2      | Noticed a shadow
   994 | D:2      | Noticed a sun demon
  1013 | D:2      | Annihilated by a shadow

Skill      XL: |  1  2 |
---------------+-------+-----
Polearms       | 5 6 |  6.6
Fighting       | |  2.1
Throwing       | |  2.0
Dodging        | |  4.0

Action                   || total
-------------------------++-------
Melee: Trident           ||    80
Invok: Renounce Religion ||     1
Armor: Leather armour    ||    19
Dodge: Dodged            ||    37
